 Dungeon Crawl Stone Soup version 0.30.1-11-g7821555f0a (webtiles) character file.

Game seed: 5053410765798679065

41218 Cheops the Thaumaturge (level 13, -2/68 HPs)
             Began as a Deep Elf Earth Elementalist on Dec 27, 2023.
             Was a Priest of Vehumet.
             Slain by a dire elephant (31 damage)
             ... on level 5 of the Lair of Beasts on Dec 28, 2023.
             The game lasted 02:48:54 (23894 turns).

Cheops the Thaumaturge (DEEE)                      Turns: 23894, Time: 02:48:54

Health: -2/68      AC: 19    Str:  5    XL:     13   Next: 78%
Magic:  41/41      EV: 30    Int: 26    God:    Vehumet [***...]
Gold:   1212       SH:  0    Dex: 15    Spells: 3/38 levels left

rFire   . . .        a - +5 scimitar (flame)
rCold   . . .        (no shield)
rNeg    . . .        O - +1 acid dragon scales
rPois   .            X - +0 helmet {SInv}
rElec   .            (no cloak)
rCorr   +            q - +0 pair of gloves
SInv    +            I - +1 pair of boots
Will    +....        u - amulet of the acrobat
Stlth   ++           y - +4 ring of protection
HPRegen 0.31/turn    K - ring of magical power
MPRegen 0.27/turn

%: acrobat
@: acrobatic
A: no striking features
a: Renounce Religion


You were on level 5 of the Lair of Beasts.
You worshipped Vehumet.
Vehumet was most pleased with you.
You visited 3 branches of the dungeon, and saw 21 of its levels.
You also visited: Bailey and Volcano.

You collected 1351 gold pieces.
You spent 139 gold pieces at shops.

Inventory:

Hand Weapons
 a - a +5 scimitar of flaming (weapon)
 f - a +1 war axe of freezing
 g - a +2 dagger of venom
 U - the +7 rapier of Valour {vamp, rCorr}
   (You found it on level 1 of the Lair of Beasts)

   rCorr:     It protects you from acid and corrosion.
 Y - a +5 long sword of freezing
Armour
 p - the +1 robe of Pymuitabi {rElec rF+}
   (You took it off an orc on level 10 of the Dungeon)

   rF:        It protects you from fire.
   rElec:     It insulates you from electricity.
 q - a +0 pair of gloves (worn)
 A - a +2 robe of positive energy
 I - a +1 pair of boots (worn)
 O - +1 acid dragon scales (worn)
 Q - a +2 hat of willpower
 X - a +0 helmet of see invisible (worn)
 Z - a +2 leather armour of fire resistance
Magical Staves
 b - a staff of death
 c - a staff of fire
 d - a staff of poison
 e - a staff of conjuration
Jewellery
 j - a ring of ice
 u - an amulet of the acrobat (around neck)
 y - a +4 ring of protection (left hand)
 C - a +6 ring of strength
 E - a +5 ring of evasion
 K - a ring of magical power (right hand)
 S - an amulet of regeneration
 T - an amulet of guardian spirit
 W - a ring of poison resistance
Wands
 s - a wand of flame (13)
 t - a wand of charming (7)
 H - a wand of acid (7)
 M - a wand of iceblast (6)
 N - a wand of digging (4)
Scrolls
 o - 4 scrolls of fear
 r - 13 scrolls of teleportation
 v - 4 scrolls of amnesia
 x - 2 scrolls of magic mapping
 z - 4 scrolls of poison
 L - 4 scrolls of blinking
 P - 3 scrolls of fog
Potions
 h - 2 potions of haste {unknown}
 i - a potion of magic
 k - a potion of might {unknown}
 l - 3 potions of brilliance {unknown}
 n - 3 potions of berserk rage {unknown}
 B - 6 potions of heal wounds
 D - 4 potions of invisibility
 F - 4 potions of resistance
 G - 2 potions of attraction
 R - a potion of lignification {unknown}
 V - 8 potions of curing
Miscellaneous
 m - a condenser vane
 w - a box of beasts
 J - a lightning rod (4/4)


   Skills:
 - Level 3.0 Fighting
 - Level 5.0 Long Blades
 - Level 12.0 Armour
 - Level 10.1 Dodging
 - Level 2.4 Stealth
 * Level 13.2 Spellcasting
 - Level 6.0 Conjurations
 + Level 10.2 Necromancy
 - Level 4.0 Transmutations
 - Level 4.1 Ice Magic
 - Level 2.0 Air Magic
 + Level 10.1 Earth Magic
 - Level 2.0 Poison Magic
 - Level 9.0 Evocations


You had 3 spell levels left.
You knew the following spells:

 Your Spells              Type           Power      Damage    Failure   Level
a - Sandblast             Erth           100%       2d20      1%          1
b - Freeze                Ice            100%       1d10      1%          1
c - Stone Arrow           Conj/Erth      100%       3d13      1%          3
d - Lee's Rapid Deconstr  Erth           31%        3d16*     1%          5
h - Ensorcelled Hibernat  Hex/Ice        56%        N/A       3%          2
m - Mephitic Cloud        Conj/Pois/Air  34%        N/A       1%          3
p - Petrify               Tmut/Erth      52%        N/A       3%          4
v - Borgnjor's Vile Clut  Necr/Erth      31%        N/A       2%          5
D - Death Channel         Necr           31%        N/A       14%         6
P - Passwall              Tmut/Erth      43%        N/A       1%          2
S - Swiftness             Air            27%        N/A       8%          3

Your spell library contained the following spells:

 Spells                   Type           Power      Damage    Failure   Level
 Inner Flame              Hex/Fire       17%        N/A       5%          3
 Magic Dart               Conj           100%       1d8       1%          1
 Cigotuvi's Dreadful Rot  Necr/Pois/Air  82%        N/A       1%          2
 Searing Ray              Conj           96%        2d7       1%          2
 Frozen Ramparts          Ice            76%        1d12      1%          3
 Hailstorm                Conj/Ice       43%        3d10      1%          3
 Scorch                   Fire           34%        2d6       2%          2
 Ignite Poison            Fire/Tmut/Pois 27%        N/A       2%          3
 Volatile Blastmotes      Fire/Tloc      34%        2d12      5%          3
 Summon Small Mammal      Summ           68%        N/A       6%          1
 Blink                    Tloc           34%        N/A       9%          2
 Call Canine Familiar     Summ           17%        N/A       19%         3
 Summon Guardian Golem    Hex/Summ       17%        N/A       19%         3
 Animate Dead             Necr           63%        N/A       1%          4
 Flame Wave               Conj/Fire      32%        2d9       4%          4
 Fulminant Prism          Conj/Hex       16%        3d10      4%          4
 Iskenderun's Mystic Bla  Conj/Tloc      32%        2d8       4%          4
 Freezing Cloud           Conj/Ice/Air   19%        6-21      9%          5
 Manifold Assault         Tloc           17%        N/A       52%         4
 Dispersal                Tloc           8%         N/A       100%        6
 Summon Cactus Giant      Summ           8%         N/A       100%        6
 Storm Form               Tmut/Air       16%        N/A       100%        7
 Disjunction              Tloc           8%         N/A       100%        8


Dungeon Overview and Level Annotations

Branches:
Dungeon (15/15)            Temple (1/1) D:4            Lair (5/5) D:9
 Shoals (0/4) Lair:3        Snake (0/4) Lair:3          Orc (0/2) D:9
 Vaults (0/5) D:13         Depths (0/4) D:15         Bailey (visited)
Volcano (visited)
  Slime: Lair:4-5

Altars:
Ashenzari
Cheibriados
Dithmenos
Elyvilon
Fedhas
Gozag
Hepliaklqana
Kikubaaqudgha
Makhleb
Nemelex Xobeh
Okawaru
Qazlal
Ru
Sif Muna
Trog
Uskayaw
Vehumet
Wu Jian
Xom
Yredelemnul
Zin
The Shining One

Shops:
D:1 !   D:2 =   D:5 [   D:7 :

Annotations:
D:4 stairs


Message History

The rime drake hisses angrily.
The rime drake breathes ice at you. The icy flash freeze misses you.
A cane toad comes into view.
The komodo dragon hisses angrily.
The cane toad croaks.
Found 2 poisoned darts and a potion of curing.
There is a stone staircase leading up here.
You hear an angry hiss.
The dire elephant tramples you!
You stumble backwards!
You stop ascending the stairs.
Okay, then.
Unknown command.
Unknown command.
A wind drake and a rime drake come into view.
The wind drake hisses angrily.
The rime drake breathes ice at you. The icy flash freeze hits you!
You are encased in ice.
The polar bear closely misses you. The polar bear completely misses you.
The polar bear claws you but does no damage.
The cane toad misses you.
The wind drake bites the plant!
The plant begins to die.
The rime drake hisses angrily.
The dire elephant attacks as you move away!
The dire elephant closely misses you.
The dire elephant completely misses you.
The polar bear attacks as you move away!
The polar bear completely misses you.
The polar bear claws you but does no damage.
The polar bear misses you. The ice encasing you melts away.
The wind drake flaps its wings at you. The air twists around and strikes you!
* * * LOW HITPOINT WARNING * * *
The cane toad stings you but does no damage.
The polar bear barely misses you. The polar bear misses you.
The polar bear closely misses you.
The dire elephant attacks as you move away!
The dire elephant tramples you!!
You die...

.........# #....#
.......#. .#...#
.##.......#.....#
........##......#
................###
k......<.l.#......
F........F.k....#.#
.~..~.l~l(Fh#....#
~##~~#P~~#Y@....#
#t~##~.##..k..# F~~
~t~~~~~....# ~##
.#~~PP~........ ~
~#~~##.....###
~~#~~ #.....# #~
~.....# # ~~#...#


You could see a dire elephant, a skyshark, a polar bear, a komodo dragon, 2 cane
toads, 2 rime drakes and a wyvern.

Vanquished Creatures
  Gastronok (D:10)
  A hydra (Lair:3)
  An ogre mage (D:12)
  2 dancing weapons (D:13)
  7 two-headed ogres (D:12)
  A boulder beetle (D:9)
  Urug (D:12)
  Amaemon (Lair:1)
  A skyshark (Lair:5)
  A harpy (Lair:3)
  2 deep elf pyromancers
  4 manticores
  A cyclops (D:12)
  4 elephants (Lair:4)
  4 gargoyles
  2 unseen horrors (D:12)
  An orange demon (Lair:1)
  A rime drake (Lair:3)
  5 cane toads
  2 efreet
  7 komodo dragons
  A kobold demonologist (D:14)
  A troll (D:11)
  3 polar bears
  A hornet (Lair:5)
  10 blink frogs
  5 slime creatures (D:12)
  A shadow (D:11)
  7 yaks
  2 hogs (D:12)
  6 wyverns
  2 wraiths
  8 basilisks
  4 steam dragons
  6 vampire mosquitoes
  An acid dragon (D:10)
  8 water moccasins
  2 ice beasts
  A black bear (D:6)
  13 orc warriors
  3 centaurs
  An ogre (D:6)
  11 wolves
  16 bullfrogs
  4 kobold brigands
  9 gnoll sergeants (Bailey)
  4 scorpions
  11 wights
  19 killer bees
  3 howler monkeys (D:7)
  5 electric eels
  A crimson imp (D:6)
  7 gnoll boudas
  3 hounds
  2 orc priests (D:5)
  3 jellies
  5 iguanas
  Jessica (D:2)
  14 orc wizards
  Ijyb (D:4)
  A statue (D:10)
  30 gnolls
  9 adders
  2 white imps
  2 ufetubi
  2 worms
  3 dart slugs
  56 orcs
  8 endoplasms
  2 giant cockroaches (D:1)
  4 goblins
  12 hobgoblins
  3 quokkas
  7 ball pythons
  9 bats
  2 frilled lizards (D:1)
  21 kobolds
  5 rats
  A spectral hobgoblin (D:5)
434 creatures vanquished.

Vanquished Creatures (collateral kills)
  Kirke (D:12)
  2 elephants (Lair:4)
  A komodo dragon (Lair:4)
  3 blink frogs (Lair:4)
  3 slime creatures (D:12)
  A water moccasin (Lair:4)
  An orc warrior (D:13)
  An ogre (D:13)
  A bullfrog (Lair:4)
  2 electric eels (Lair:4)
  An orc priest (D:13)
  4 orcs (D:13)
21 creatures vanquished.

Vanquished Creatures (others)
  3 humans (D:12)
3 creatures vanquished.

Grand Total: 458 creatures vanquished

Notes
Turn   | Place    | Note
-------+----------+-------------------------------------------
     0 | D:1      | Cheops the Deep Elf Earth Elementalist began the quest for
                  | the Orb.
     0 | D:1      | Reached XP level 1. HP: 10/10 MP: 6/6
     2 | D:1      | Noticed an ogre
     4 | D:1      | Noticed a troll
     4 | D:1      | Noticed a gargoyle
     6 | D:1      | Noticed an elf
     6 | D:1      | Noticed a minotaur
     8 | D:1      | Noticed a draconian
     8 | D:1      | Noticed a spriggan
    10 | D:1      | Noticed an octopode
    10 | D:1      | Noticed a vampire
    12 | D:1      | Noticed a formicid
    12 | D:1      | Noticed an armataur
    14 | D:1      | Noticed a naga
    14 | D:1      | Noticed a felid
    16 | D:1      | Noticed a meteoran
    16 | D:1      | Noticed a ghoul
    18 | D:1      | Noticed a vine stalker
    20 | D:1      | Noticed a human
    20 | D:1      | Noticed a demonspawn
    22 | D:1      | Noticed a merfolk
    22 | D:1      | Noticed a tengu
    24 | D:1      | Noticed a spriggan
    26 | D:1      | Noticed a merfolk
    26 | D:1      | Noticed a vampire
   245 | D:1      | Reached XP level 2. HP: 15/15 MP: 6/8
   548 | D:1      | Reached skill level 4 in Spellcasting
   657 | D:1      | Found Etee's Distillery.
   677 | D:1      | Learned a level 1 spell: Freeze
   680 | D:1      | Learned a level 2 spell: Passwall
   687 | D:1      | Bought a potion of curing for 36 gold pieces
   904 | D:2      | Reached XP level 3. HP: 19/19 MP: 7/10
   908 | D:2      | Learned a level 3 spell: Stone Arrow
  1122 | D:2      | Found Fomoamel's Jewellery Boutique.
  1503 | D:2      | Noticed Jessica
  1509 | D:2      | Killed Jessica
  1510 | D:2      | Reached skill level 5 in Earth Magic
  1510 | D:2      | Reached XP level 4. HP: 24/24 MP: 8/12
  1745 | D:3      | Noticed a centaur
  1750 | D:3      | Killed a centaur
  1751 | D:3      | Reached XP level 5. HP: 25/28 MP: 6/13
  2263 | D:3      | Reached XP level 6. HP: 32/32 MP: 12/14
  2693 | D:3      | Learned a level 4 spell: Petrify
  2972 | D:4      | Noticed Ijyb
  2987 | D:4      | Killed Ijyb
  3171 | D:4      | Reached XP level 7. HP: 36/36 MP: 12/15
  3487 | D:4      | Found a staircase to the Ecumenical Temple.
  3580 | D:5      | Entered Level 5 of the Dungeon
  3721 | D:5      | Found a hazy altar of Hepliaklqana.
  3960 | D:5      | Reached skill level 5 in Spellcasting
  3970 | D:5      | Reached skill level 1 in Conjurations
  4158 | D:5      | Found a broken altar of Ashenzari.
  4300 | Temple   | Entered the Ecumenical Temple
  4388 | D:5      | Found Hiyfiken's Antique Armour Shop.
  4511 | D:5      | Learned a level 5 spell: Borgnjor's Vile Clutch
  4588 | D:6      | Noticed a steam dragon
  4602 | D:6      | Killed a steam dragon
  4603 | D:6      | Reached skill level 5 in Conjurations
  4603 | D:6      | Reached XP level 8. HP: 32/41 MP: 2/17
  5045 | D:6      | Found a burning altar of Makhleb.
  5047 | D:6      | Reached skill level 5 in Necromancy
  5590 | D:6      | Reached skill level 6 in Spellcasting
  5924 | D:6      | Found an ancient bone altar of Kikubaaqudgha.
  5924 | D:6      | Found a shimmering altar of Xom.
  5994 | D:7      | Found Icecujio's Book Boutique.
  6060 | D:7      | Reached skill level 7 in Spellcasting
  6335 | D:7      | Reached XP level 9. HP: 45/45 MP: 15/21
  7543 | D:8      | Reached skill level 10 in Earth Magic
  7619 | D:8      | Reached skill level 1 in Ice Magic
  8575 | D:5      | Bought a pair of boots for 103 gold pieces
  8646 | D:9      | Reached skill level 5 in Dodging
  8730 | D:9      | Noticed a komodo dragon
  8765 | D:9      | Found a flagged portal.
  8777 | Bailey   | Entered a bailey
  9064 | Bailey   | Reached skill level 1 in Evocations
  9312 | Bailey   | Reached XP level 10. HP: 50/50 MP: 16/22
  9706 | Bailey   | Reached skill level 1 in Fighting
 10470 | D:9      | Noticed a boulder beetle
 11119 | D:9      | Killed a boulder beetle
 11281 | D:9      | Reached skill level 10 in Necromancy
 11395 | D:9      | Found a staircase to the Lair.
 11442 | D:9      | Found a staircase to the Orcish Mines.
 11550 | D:9      | Reached skill level 8 in Spellcasting
 11884 | D:9      | Learned a level 2 spell: Ensorcelled Hibernation
 11925 | D:10     | Entered Level 10 of the Dungeon
 12025 | D:10     | Reached XP level 11. HP: 57/60 MP: 25/25
 12174 | D:10     | Reached skill level 9 in Spellcasting
 12489 | D:10     | Identified the +1 robe of Pymuitabi {rElec rF+}
 12583 | D:10     | Reached skill level 1 in Armour
 12602 | D:10     | Noticed Gastronok
 12609 | D:10     | Killed Gastronok
 12742 | D:10     | Found a radiant altar of Vehumet.
 12774 | D:10     | Became a worshipper of Vehumet
 13031 | D:10     | Learned a level 6 spell: Death Channel
 13417 | D:11     | Reached skill level 5 in Armour
 14145 | D:12     | You fall into a shaft and drop 3 floors!
 14145 | D:15     | Entered Level 15 of the Dungeon
 14272 | D:14     | Noticed a deep elf pyromancer
 14290 | D:14     | Killed a deep elf pyromancer
 14291 | D:14     | Noticed a deep elf pyromancer
 14291 | D:14     | Noticed a wizard
 14505 | D:13     | Reached * piety under Vehumet
 14505 | D:13     | Offered knowledge of Kiss of Death by Vehumet.
 14738 | D:12     | Noticed a two-headed ogre
 14738 | D:12     | Noticed a two-headed ogre
 14739 | D:12     | Noticed an ogre mage
 14746 | D:12     | Noticed Urug
 14767 | D:12     | Killed an ogre mage
 14770 | D:12     | Noticed a two-headed ogre
 14772 | D:12     | Killed a two-headed ogre
 14780 | D:12     | Killed a two-headed ogre
 14781 | D:12     | Reached XP level 12. HP: 64/64 MP: 3/27
 14785 | D:12     | Noticed a two-headed ogre
 14959 | D:12     | Killed a two-headed ogre
 15005 | D:12     | Noticed a two-headed ogre
 15024 | D:12     | Killed a two-headed ogre
 15025 | D:12     | Reached skill level 10 in Armour
 15144 | D:12     | Killed Urug
 15225 | D:12     | Noticed a two-headed ogre
 15232 | D:12     | Killed a two-headed ogre
 15233 | D:12     | Reached skill level 10 in Dodging
 15314 | D:12     | Noticed a two-headed ogre
 15318 | D:12     | Killed a two-headed ogre
 15323 | D:12     | Killed a two-headed ogre
 15324 | D:12     | Reached skill level 5 in Evocations
 15655 | D:12     | Offered knowledge of Foxfire by Vehumet.
 15668 | D:12     | Noticed Kirke
 15678 | D:12     | Reached ** piety under Vehumet
 15682 | D:12     | Killed Kirke
 16118 | D:12     | Found a glowing silver altar of Zin.
 16644 | D:13     | Found a gate to the Vaults.
 17509 | Lair:1   | Entered Level 1 of the Lair of Beasts
 17714 | Lair:1   | Reached skill level 1 in Long Blades
 17853 | Lair:1   | Identified the +7 rapier of Valour {vamp, rCorr}
 18093 | Lair:1   | Reached XP level 13. HP: 68/68 MP: 28/28
 18298 | Lair:1   | Noticed Amaemon
 18310 | Lair:1   | Killed Amaemon
 18534 | Lair:1   | Learned a level 5 spell: Lee's Rapid Deconstruction
 19896 | Lair:3   | Found a staircase to the Snake Pit.
 20050 | Lair:3   | Reached skill level 5 in Long Blades
 20227 | Lair:3   | Offered knowledge of Mephitic Cloud by Vehumet.
 20758 | Lair:3   | Reached skill level 10 in Spellcasting
 20943 | Lair:3   | Found a staircase to the Shoals.
 21587 | Lair:3   | Reached skill level 11 in Spellcasting
 21808 | Lair:3   | Learned a level 3 spell: Mephitic Cloud
 21857 | Lair:4   | Reached skill level 1 in Air Magic
 21857 | Lair:4   | Reached skill level 1 in Poison Magic
 21857 | Lair:4   | Reached *** piety under Vehumet
 21961 | Lair:4   | Learned a level 3 spell: Swiftness
 21976 | Lair:4   | Found a dark tunnel.
 21980 | Volcano  | Entered a volcano
 22086 | Volcano  | Reached skill level 12 in Spellcasting
 22538 | Lair:4   | Offered knowledge of Inner Flame by Vehumet.
 22939 | Lair:4   | Reached skill level 13 in Spellcasting
 23600 | Lair:5   | Entered Level 5 of the Lair of Beasts
 23889 | Lair:5   | Noticed a dire elephant
 23894 | Lair:5   | Slain by a dire elephant

Illustrated notes

Levels and vault maps discovered:
D:1:      kb_arrival_jail, layout_basic, serial_shops,
          nicolae_shop_pleasant_corner_grove, grunt_decor_fettered
D:2:      layout_rooms, serial_shops, nicolae_shop_gaudy_bauble, uniq_jessica
D:3:      layout_loops_ring, serial_aquarium, aquarium_bridge_square
          [aquarium_subvault_window, aquarium_subvault_bridge,
          aquarium_subvault_bridge, aquarium_subvault_balcony],
          aquarium_window_1, aquarium_window_fake, aquarium_window_double,
          aquarium_window_2, aquarium_view_2f, aquarium_view_2d,
          aquarium_pool_1, minmay_guardbox
D:4:      layout_cave_pools, minmay_temple_entry_from_below_b, sigmund_army,
          uniq_ijyb
D:5:      layout_cave_pools, nicolae_hepliaklqana_monster_ancestors,
          amcnicky_altar_gilded, serial_shops, nicolae_shop_stone
D:6:      layout_cave_pools, makhleb_grotto_becter,
          gammafunk_temple_overflow_elements, nicolae_sextant,
          hangedman_abyss_or_decor_jellyfish_corner
D:7:      layout_loops_corners, serial_shops, nicolae_shop_tiny_statue_garden
D:8:      layout_loops_ring
D:9:      layout_long_grid, grunt_lair_entry_orc_guard_hut, orc_0_dummy,
          enter_bailey_2, eino_jars
D:10:     layout_loops_ring, vehumet_statue, uniq_gastronok
D:11:     layout_gridville
D:12:     layout_loops_corners, zin_statuary, uniq_urug, uniq_kirke
D:13:     layout_roguey [special_room_orc], erik_vaults_1
D:14:     layout_roguey, minmay_misc_feat_more_columns,
          bh_hangedman_babel_library
D:15:     hangedman_depths_entry_try_elsewhere_first, layout_stronghold,
          minmay_misc_feat_five, nicolae_shop_sticking_my_neck_out
Temple:   nicolae_temple_x_marks_the_god
Lair:1:   layout_regular_city, uniq_amaemon
Lair:2:   layout_cave_pods, grunt_megastairs_4
Lair:3:   layout_loops_ring, nicolae_shoals_entry_roost, dummy_snake_entry,
          serial_bayou_lake_a, lemuel_fruit_fields, infiniplex_staircase_pool_2
Lair:4:   layout_regular_city, enter_volcano_1, serial_bayou,
          serial_bayou_lagoon_b, serial_bayou_pond_b, serial_bayou_pond_a,
          serial_bayou_pond_b, serial_bayou_pond_a, serial_bayou_pond_a
Lair:5:   gammafunk_lair_ancient_temple, layout_cave_shapes,
          dpeg_slime_entry_enclosed, minmay_shattered_shrine

Skill      XL: |  1  2  3  4  5  6  7  8  9 10 11 12 13 |
---------------+----------------------------------------+-----
Spellcasting   | 4 5 7 8 9 13 | 13.2
Earth Magic    | 4 5 6 7 8 9 10 | 10.1
Conjurations   | 5 6 |  6.0
Necromancy     | 6 7 10 | 10.2
Transmutations | 2 3 4 |  4.0
Ice Magic      | 4 |  4.1
Dodging        | 6 9 10 | 10.1
Evocations     | 2 4 9 |  9.0
Fighting       | 3 |  3.0
Armour         | 9 12 | 12.0
Long Blades    | 2 5 |  5.0
Air Magic      | 2 |  2.0
Poison Magic   | 2 |  2.0
Stealth        | |  2.4

Action                     |  1- 3 |  4- 6 |  7- 9 | 10-12 | 13-15 || total
---------------------------+-------+-------+-------+-------+-------++-------
  Melee: Dagger            |       |     1 |     1 |     5 |       ||     7
         Staff             |       |       |       |     6 |     7 ||    13
         Scimitar          |       |       |       |     2 |     3 ||     5
         Punch             |       |       |       |       |     1 ||     1
   Cast: Sandblast         |    52 |    71 |   100 |    56 |     5 ||   284
         Stone Arrow       |       |       |    59 |   146 |    42 ||   247
         Passwall          |       |       |     3 |     4 |     2 ||     9
         Borgnjor's Vile C |       |       |    19 |    76 |    85 ||   180
         Freeze            |       |       |    14 |     5 |       ||    19
         Death Channel     |       |       |       |     6 |     2 ||     8
         Lee's Rapid Decon |       |       |       |       |     5 ||     5
         Mephitic Cloud    |       |       |       |       |     1 ||     1
  Evoke: Wand              |       |       |     1 |    10 |       ||    11
         Lightning rod     |       |       |       |     1 |       ||     1
    Use: Scroll            |       |     4 |     8 |     9 |    10 ||    31
         Potion            |       |       |       |     1 |       ||     1
 Armour: Robe              |     4 |     6 |    26 |     7 |       ||    43
         Acid dragon scale |       |       |       |    44 |    16 ||    60
         Leather armour    |       |       |       |       |     1 ||     1
  Dodge: Dodged            |     7 |    15 |    59 |   102 |    54 ||   237
